Map: Bel'Shir Vestige LE (Void)

Players

HeRoMaRinE

  • Race: Terran Terran
  • Spawn Location: 11:00

herO - Winner!

  • Race: Protoss Protoss
  • Spawn Location: 5:00

Event: IEM XI Katowice - World Championship 2017

VOD

Have the link to the VOD?

Description

Time

  • Played on: March 2, 2017, 9:15 a.m.
  • Length: 10:55

All games in this series

Show
View Real Time Build Order
Export as new Build Order

HeRoMaRinE Terran 

Build Orders: Reaper Expand, Bio Tank 

Get SALT Encoding   

  12  0:00  SCV  
  13  0:12  SCV  
  14  0:17  Supply Depot  
  14  0:25  SCV  
  14  0:28  Refinery  
  15  0:38  SCV  
  16  0:44  Barracks  
  16  0:50  SCV  
  17  1:03  SCV  
  18  1:15  SCV  
  19  1:31  Reaper, Orbital Command  
  20  1:43  Command Center  
  20  1:52  Factory  
  20  1:57  SCV  
  21  2:02  Refinery  
  21  2:05  Barracks Reactor  
  21  2:09  SCV  
  21  2:14  Supply Depot  
  22  2:20  Bunker  
  22  2:25  SCV  
  23  2:37  SCV  
  23  2:43  Hellion  
  26  2:44  Marine x2  
  26  2:49  SCV  
  29  2:59  Orbital Command  
  29  3:06  Cyclone  
  32  3:14  Starport  
  32  3:16  Orbital Command  
  32  3:17  Marine  
  32  3:19  Marine  
  34  3:25  SCV  
  35  3:35  Marine  
  35  3:37  Marine, SCV  
  38  3:46  Cyclone  
  41  3:53  Marine, SCV, Orbital Command  
  41  3:54  Marine  
  43  3:57  Supply Depot  
  43  4:05  SCV  
  43  4:08  Medivac  
  43  4:10  Marine  
  43  4:12  Marine  
  45  4:17  SCV  
  45  4:18  Barracks  
  45  4:19  SCV  
  45  4:22  Factory Tech Lab  
  47  4:29  SCV  
  47  4:31  Marine x2, SCV  
  49  4:32  Supply Depot  
  51  4:41  SCV  
  51  4:43  SCV  
  53  4:50  Engineering Bay  
  53  4:52  Supply Depot  
  53  4:53  Siege Tank  
  53  4:54  SCV  
  53  4:55  SCV  
  53  4:57  Supply Depot  
  58  5:00  Marine  
  58  5:01  Marine  
  58  5:07  SCV x2  
  62  5:14  Barracks Tech Lab  
  62  5:18  Marine x2  
  62  5:19  SCV x2  
  62  5:20  Supply Depot, Bunker  
  66  5:24  Refinery  
  66  5:25  Siege Tank  
  69  5:31  Viking, SCV x2  
  73  5:36  Refinery  
  73  5:39  Stimpack  
  73  5:43  SCV x2  
  73  5:45  Marine x3  
  78  5:50  Supply Depot  
  78  5:52  Missile Turret  
  78  5:55  Missile Turret  
  78  5:57  Siege Tank  
  78  6:02  Starport Reactor, Barracks  
  81  6:06  SCV x2  
  81  6:09  Marine x2  
  81  6:10  Marine  
  86  6:21  Supply Depot x2  
  86  6:23  Supply Depot  
  86  6:28  SCV  
  86  6:29  Siege Tank, SCV  
  87  6:40  SCV  
  87  6:41  SCV  
  87  6:44  Marine  
  87  6:45  Marine, Marauder  
  93  6:53  Medivac x2  
  97  6:55  Supply Depot  
  97  6:59  Terran Infantry Weapons Level 1  
  97  7:00  Barracks Tech Lab  
  97  7:02  Siege Tank  
  97  7:04  Marine x2, Supply Depot  
  102  7:13  SCV  
  104  7:23  Combat Shields  
  104  7:24  Marine x2, Marauder x2  
  104  7:26  Medivac x2  
  112  7:32  Supply Depot  
  112  7:44  Marine x2, Siege Tank  
  113  7:45  Marauder  
  113  7:46  Marauder  
  117  8:01  Marine, Medivac  
  117  8:02  Marine  
  121  8:07  Marauder x2  
  125  8:19  Marine  
  126  8:23  Marine  
  127  8:28  Marauder x2, Siege Tank  
  127  8:33  Barracks x2  
  125  8:37  Marine  
  97  8:41  Marine  
  97  8:42  Liberator x2  
  102  8:49  Marine  
  102  8:50  Marauder  
  102  8:51  Command Center  
  105  8:57  SCV x2  
  111  9:02  Siege Tank  
  111  9:08  Marauder  
  111  9:13  Marine x2, Marauder  
  95  9:25  Liberator  
  95  9:28  Marine  
  95  9:30  Barracks Tech Lab, Barracks Reactor  
  95  9:31  Marine x2  
  96  9:34  Marauder  
  96  9:35  Concussive Shells  
  99  9:49  Marine, Marauder  
  99  9:50  Marauder  
  99  9:51  Liberator  
  99  9:52  Marine  
  89  9:54  Siege Tank  
  89  9:58  Marauder  
  93  10:07  Marine  
  93  10:09  Marine  
  93  10:10  Marine x2, Marauder  
  93  10:12  Marauder  
  104  10:16  Command Center  
  104  10:20  Marauder  
  106  10:25  Marine  
  106  10:27  Marine  
  106  10:28  Marine x2  
  89  10:32  Marauder  
  89  10:33  Marauder  
Show
View Real Time Build Order
Export as new Build Order

herO Protoss - Winner!

Build Orders:  

Get SALT Encoding   

  12  0:00  Probe (Chrono Boost)  
  13  0:13  Pylon  
  13  0:17  Probe (Chrono Boost)  
  14  0:27  Probe (Chrono Boost)  
  15  0:33  Gateway  
  15  0:38  Probe (Chrono Boost)  
  15  0:42  Assimilator  
  16  0:49  Probe (Chrono Boost)  
  17  0:59  Probe (Chrono Boost)  
  18  1:06  Pylon  
  18  1:10  Probe (Chrono Boost)  
  19  1:17  Zealot  
  19  1:20  Cybernetics Core  
  19  1:21  Probe (Chrono Boost)  
  23  1:33  Probe (Chrono Boost)  
  23  1:44  Probe (Chrono Boost)  
  24  1:55  Adept  
  24  1:56  Mothership Core (Chrono Boost)  
  28  2:08  Nexus  
  28  2:13  Warp Gate  
  28  2:16  Assimilator, Probe (Chrono Boost)  
  29  2:24  Pylon  
  29  2:27  Probe (Chrono Boost)  
  29  2:37  Probe (Chrono Boost)  
  30  2:47  Robotics Facility  
  30  2:48  Probe (Chrono Boost)  
  29  2:58  Probe (Chrono Boost)  
  30  3:09  Probe (Chrono Boost), Gateway x2  
  32  3:20  Probe x2 (Chrono Boost)  
  32  3:24  Stalker  
  35  3:31  Probe (Chrono Boost)  
  35  3:32  Probe (Chrono Boost)  
  36  3:41  Probe (Chrono Boost)  
  36  3:44  Probe (Chrono Boost)  
  37  3:52  Probe (Chrono Boost)  
  37  3:55  Observer  
  39  3:56  Probe (Chrono Boost)  
  41  4:03  Probe (Chrono Boost)  
  41  4:07  Pylon  
  41  4:08  Probe (Chrono Boost)  
  42  4:11  Warp Prism  
  42  4:13  Probe (Chrono Boost)  
  45  4:20  Probe (Chrono Boost)  
  45  4:21  Pylon  
  46  4:25  Stalker x3  
  46  4:28  Probe (Chrono Boost)  
  54  4:32  Probe (Chrono Boost)  
  54  4:38  Robotics Bay  
  54  4:40  Probe (Chrono Boost)  
  54  4:42  Assimilator  
  54  4:44  Probe (Chrono Boost)  
  56  4:48  Pylon  
  56  4:52  Probe (Chrono Boost)  
  57  4:54  Assimilator, Probe (Chrono Boost)  
  57  4:55  Pylon  
  58  5:02  Probe (Chrono Boost)  
  58  5:05  Probe (Chrono Boost)  
  60  5:11  Stalker x3  
  66  5:14  Probe (Chrono Boost)  
  66  5:16  Probe (Chrono Boost)  
  66  5:18  Gravitic Drive  
  66  5:20  Disruptor  
  71  5:34  Twilight Council  
  71  5:35  Forge  
  71  5:45  Pylon  
  71  5:47  Pylon  
  71  5:53  Disruptor  
  74  6:00  Blink, Nexus  
  74  6:01  Protoss Ground Weapons Level 1  
  74  6:07  Gateway  
  74  6:09  Gateway  
  74  6:10  Gateway  
  74  6:24  Probe x2 (Chrono Boost)  
  76  6:30  Disruptor  
  79  6:35  Pylon  
  79  6:36  Probe (Chrono Boost)  
  79  6:37  Probe (Chrono Boost)  
  81  6:42  Stalker x2  
  85  6:49  Probe x2 (Chrono Boost)  
  86  7:01  Probe x2 (Chrono Boost)  
  88  7:02  Disruptor, Pylon  
  91  7:13  Probe x2 (Chrono Boost)  
  91  7:14  Probe (Chrono Boost)  
  94  7:22  Gateway  
  94  7:24  Gateway  
  94  7:25  Sentry x3, Probe x2 (Chrono Boost)  
  94  7:26  Probe (Chrono Boost), Stalker x2  
  94  7:28  Adept  
  112  7:37  Pylon, Probe x2 (Chrono Boost)  
  112  7:38  Probe (Chrono Boost)  
  112  7:39  Disruptor  
  112  7:42  Pylon x3  
  112  7:43  Pylon  
  112  7:50  Resonating Glaives  
  115  7:57  Adept x6  
  127  8:19  Pylon  
  125  8:22  Adept x6  
  125  8:23  Adept x2  
  126  8:43  Pylon x2  
  126  8:46  Stalker x2  
  126  8:47  Stalker x3  
  136  8:48  Zealot x2  
  136  8:49  Zealot  
  136  8:50  Gateway  
  142  8:55  Pylon  
  122  9:25  Stalker  
  122  9:26  Stalker x7  
  138  9:33  Assimilator, Probe x3 (Chrono Boost)  
  138  9:34  Assimilator  
  141  9:45  Nexus  
  118  10:02  Stalker  
  118  10:03  Stalker x7  
  132  10:09  Probe x2 (Chrono Boost)  
  132  10:10  Probe (Chrono Boost)  
  132  10:13  Pylon  
  132  10:14  Pylon  
  136  10:21  Probe (Chrono Boost)  
  136  10:22  Probe x2 (Chrono Boost)  
  128  10:35  Stalker x7  
  136  10:36  Zealot  

Tags
 
Add a new tag
Caveats
  • Supply blocks, unpowered buildings, or Contaminate may cause inaccurate times.
  • Supply counts are checked every 10 seconds.